 Dungeon Crawl Stone Soup version 0.21.1-1-g345015f (webtiles) character file.

5401 wojtek the Cleaver (level 10, 0/84 HPs)
             Began as a Minotaur Fighter on July 22, 2018.
             Was an Elder of Makhleb.
             Slain by a killer bee (6 damage)
             ... on level 9 of the Dungeon.
             The game lasted 00:18:00 (11159 turns).

wojtek the Cleaver (Minotaur Fighter)              Turns: 11159, Time: 00:18:01

Health: 0/84       AC: 10    Str: 23    XL:     10   Next: 40%
Magic:  13/13      EV: 10    Int:  5    God:    Makhleb [****..]
Gold:   573        SH: 11    Dex: 11    Spells: 9/9 levels left

rFire    + . .     SeeInvis .   a - +0 war axe
rCold    + . .     Gourm    .   c - +0 shield
rNeg     . . .     Faith    .   D - +0 scale mail {MR+}
rPois    .         Spirit   .   (helmet restricted)
rElec    .         Reflect  .   y - +0 cloak
rCorr    .         Harm     .   (no gloves)
MR       +....                  l - +0 pair of boots
Stlth    ..........             (no amulet)
HPRegen  0.24/turn              F - ring of protection from fire
MPRegen  0.13/turn              E - ring of protection from cold

@: lethally poisoned (0 -> -2)
A: retaliatory headbutt, horns 2
a: Minor Destruction, Lesser Servant of Makhleb, Major Destruction, Renounce
Religion


You were on level 9 of the Dungeon.
You worshipped Makhleb.
Makhleb was greatly pleased with you.
You were not hungry.

You visited 2 branches of the dungeon, and saw 11 of its levels.
You also visited: Sewer and Ossuary.

You collected 573 gold pieces.

Inventory:

Hand Weapons
 a - a +0 war axe (weapon)
 Q - a +1 hand axe of chopping
 R - a +0 hand axe of flaming
Missiles
 z - 6 silver javelins
 A - a throwing net (quivered)
Armour
 c - a +0 shield (worn)
 l - a +0 pair of boots (worn)
 y - a +0 cloak (worn)
 D - a +0 scale mail of magic resistance (worn)
Jewellery
 v - an uncursed ring of positive energy
 E - a ring of protection from cold (right hand)
 F - a ring of protection from fire (left hand)
 J - an uncursed amulet of harm {unknown}
 O - a +4 amulet of reflection {unknown}
Wands
 b - a wand of acid (11)
 x - a wand of polymorph (2)
 B - a wand of enslavement (13)
Scrolls
 g - 3 scrolls of random uselessness
 j - 6 scrolls of teleportation
 k - 2 scrolls of amnesia
 o - 3 scrolls of enchant weapon
 p - 3 scrolls of immolation
 q - 4 scrolls of enchant armour
 t - a scroll of magic mapping {unknown}
 u - 3 scrolls of fear
 C - 2 scrolls of remove curse
 G - 2 scrolls of holy word {unknown}
 K - a scroll of blinking {unknown}
 N - 5 scrolls of identify
 P - 2 scrolls of fog {unknown}
Potions
 d - 2 potions of might
 e - 4 potions of invisibility
 h - 3 potions of agility {unknown}
 i - 2 potions of brilliance {unknown}
 m - 3 potions of lignification {unknown}
 n - 2 potions of degeneration {unknown}
 r - 2 potions of mutation {unknown}
 s - 8 potions of heal wounds
 w - 2 potions of ambrosia {unknown}
 L - a potion of cancellation {unknown}
 M - a potion of haste
Comestibles
 f - 20 rations


   Skills:
 + Level 6.6 Fighting
 * Level 11.3 Axes
 + Level 6.6 Armour
 + Level 4.9 Dodging
 + Level 6.7 Shields
 + Level 4.5 Invocations
 * Level 5.9 Evocations


You had 9 spell levels left.
You didn't know any spells.

Dungeon Overview and Level Annotations

Branches:
Dungeon (10/15)            Temple (1/1) D:4             Orc (0/2) D:9
   Lair: D:8-11

Altars:
Ashenzari
Cheibriados
Dithmenos
Elyvilon
Fedhas
Gozag
Hepliaklqana
Kikubaaqudgha
Makhleb
Nemelex Xobeh
Okawaru
Qazlal
Ru
Sif Muna
Trog
Uskayaw
Vehumet
Wu Jian
Xom
Yredelemnul
Zin
The Shining One


Innate Abilities, Weirdness & Mutations

You reflexively headbutt those who attack you in melee.
You have a pair of horns on your head.


Message History

Unknown command.
Unknown command.
You feel sick. You block something's attack. The killer bee barely misses you.
You block the killer bee's attack.
You climb upwards.
You feel sick.
There is a stone staircase leading down here.
You slash the killer bee! Your headbutt misses the killer bee.
The killer bee is severely wounded.
You feel sick. You block the killer bee's attack. The killer bee stings you!
* * * LOW HITPOINT WARNING * * *
You closely miss the killer bee. Your headbutt misses the killer bee.
The killer bee is severely wounded.
The killer bee stings you but does no damage.
You block the killer bee's attack.
You closely miss the killer bee.
The killer bee is severely wounded.
You feel sick.
The killer bee stings you but does no damage.
The killer bee stings you.
You die...

#.# #..# ##.#'###' #.# #..#
#...##### #.##########..#
#.8[.....
#####.............#######...#####
........................##'######
##..############.........[.......
##..############............#####
.................................
................@................
..######........y................
..# #...#####................#
..######........................#
.................................
...........(.....................
......##########..#########......
......##########..#########......
.................................


You could see a killer bee.

Vanquished Creatures
  2 hippogriffs
  A spriggan (D:9)
  8 killer bees
  Edmund (D:4)
  Duvessa (D:5)
  2 ice beasts
  4 orc warriors
  A hornet zombie (D:9)
  A sky beast (D:7)
  3 centaurs
  A phantom (D:6)
  A boggart (D:9)
  3 ogres
  A crocodile (D:9)
  4 bullfrogs
  A big kobold (D:9)
  A wyvern zombie (Ossuary)
  A scorpion (D:4)
  A crimson imp (D:6)
  A centaur zombie (Ossuary)
  10 orc wizards
  Crazy Yiuf (D:2)
  2 bullfrog skeletons
  3 bullfrog zombies (Ossuary)
  5 orc priests
  6 hounds
  Jessica (D:3)
  7 worker ants
  3 hound zombies (Ossuary)
  10 mummies (Ossuary)
  2 howler monkey zombies (Ossuary)
  A worker ant zombie (Ossuary)
  6 gnolls
  A howler monkey skeleton (D:6)
  14 adders
  3 river rats (Sewer)
  3 shadow imps
  An adder skeleton (D:4)
  4 adder zombies (Ossuary)
  6 worms
  A dart slug (D:2)
  4 leopard geckos
  64 orcs
  A giant cockroach (D:7)
  11 goblins
  4 hobgoblins
  7 jackals
  A quokka (D:6)
  5 ball pythons
  6 bats
  8 frilled lizards
  3 giant cockroach zombies
  11 kobolds
  A leopard gecko skeleton (D:4)
  A leopard gecko zombie (Ossuary)
  3 quokka zombies
  14 rats
  A plant (D:3)
274 creatures vanquished.

Vanquished Creatures (collateral kills)
  The ghost of Pad the Spear-Bearer, a novice MfSk of Uskayaw (D:8)
  3 killer bees
  A gnoll (D:7)
5 creatures vanquished.

Vanquished Creatures (others)
  2 killer bees
  2 withered plants (Ossuary)
4 creatures vanquished.

Grand Total: 283 creatures vanquished

Notes
Turn   | Place    | Note
-------+----------+-------------------------------------------
     0 | D:1      | wojtek the Minotaur Fighter began the quest for the Orb.
     0 | D:1      | Reached XP level 1. HP: 19/19 MP: 0/0
   110 | D:1      | Reached skill level 3 in Axes
   244 | D:1      | Reached XP level 2. HP: 26/26 MP: 1/1
   799 | D:2      | Reached skill level 4 in Axes
   885 | D:2      | Reached XP level 3. HP: 31/31 MP: 2/2
  1068 | D:2      | You fall through a shaft!
  1094 | D:3      | Found a stormy altar of Qazlal.
  1096 | D:3      | Found a basalt altar of Yredelemnul.
  1156 | D:3      | Found a glowing drain.
  1174 | D:3      | Reached skill level 5 in Axes
  1185 | Sewer    | Entered a sewer
  1407 | Sewer    | Reached XP level 4. HP: 39/39 MP: 3/3
  1950 | D:3      | Reached skill level 6 in Axes
  1973 | D:3      | Reached XP level 5. HP: 44/45 MP: 4/4
  2072 | D:3      | Found a faded altar of an unknown god.
  2351 | D:3      | Noticed Jessica
  2391 | D:3      | Killed Jessica
  2391 | D:3      | Reached skill level 7 in Axes
  3100 | D:2      | Found a runed door.
  3239 | D:2      | Noticed Crazy Yiuf
  3245 | D:2      | Killed Crazy Yiuf
  3574 | D:3      | Reached XP level 6. HP: 46/51 MP: 5/5
  3676 | D:4      | Reached skill level 8 in Axes
  3717 | D:4      | Found a staircase to the Ecumenical Temple.
  3784 | Temple   | Entered the Ecumenical Temple
  4050 | Temple   | Became a worshipper of Makhleb the Destroyer
  4228 | D:4      | Noticed Edmund
  4253 | D:4      | Killed Edmund
  4253 | D:4      | Reached skill level 1 in Evocations
  4253 | D:4      | Reached XP level 7. HP: 19/58 MP: 6/6
  4504 | D:4      | Reached skill level 1 in Dodging
  4504 | D:4      | Reached skill level 1 in Invocations
  4771 | D:5      | Entered Level 5 of the Dungeon
  5187 | D:4      | Reached skill level 9 in Axes
  5324 | D:5      | Reached * piety under Makhleb
  5600 | D:5      | Reached XP level 8. HP: 32/67 MP: 8/8
  6219 | D:5      | Noticed Duvessa
  6243 | D:5      | Killed Duvessa
  6275 | D:5      | Noticed Dowan
  6276 | D:5      | Noticed Dowan
  6276 | D:5      | Dowan changed into Dowan the centaur
  6281 | D:5      | Killed Dowan the centaur
  6709 | D:6      | Found an ornate altar of the Wu Jian Council.
  6733 | D:6      | Reached skill level 5 in Shields
  6765 | D:6      | Reached skill level 5 in Armour
  6772 | D:6      | Reached skill level 5 in Fighting
  6864 | D:6      | Reached ** piety under Makhleb
  7330 | D:6      | Reached XP level 9. HP: 67/74 MP: 10/10
  7453 | D:7      | Reached skill level 10 in Axes
  7820 | D:7      | Found a sand-covered staircase.
  7835 | Ossuary  | Entered an ossuary
  8058 | Ossuary  | Reached *** piety under Makhleb
  8214 | D:7      | Found a blossoming altar of Fedhas.
  8332 | D:7      | Found an opulent altar of Gozag.
  8601 | D:8      | Noticed Pad's ghost (novice MfSk)
  8949 | D:8      | Reached skill level 5 in Evocations
  9491 | D:8      | Killed Pad's ghost
  9491 | D:8      | Reached XP level 10. HP: 46/83 MP: 11/13
  9860 | D:8      | Reached skill level 11 in Axes
 10195 | D:8      | Found a deep blue altar of Sif Muna.
 10332 | D:9      | Found a shattered altar of Ashenzari.
 10456 | D:9      | Found a staircase to the Orcish Mines.
 10572 | D:9      | Reached **** piety under Makhleb
 11138 | D:10     | Entered Level 10 of the Dungeon
 11159 | D:9      | Slain by a killer bee

Skill      XL: |  1  2  3  4  5  6  7  8  9 10 |
---------------+-------------------------------+-----
Axes           | 3 4 5 6 7 8 9 10 11 | 11.3
Evocations     | 1 2 3 5 |  5.9
Fighting       | 4 5 6 |  6.6
Dodging        | 2 3 4 |  4.9
Invocations    | 1 2 4 |  4.5
Shields        | 4 5 6 |  6.7
Armour         | 4 5 6 |  6.6

Action                   |  1- 3 |  4- 6 |  7- 9 | 10-12 || total
-------------------------+-------+-------+-------+-------++-------
Melee: War axe           |   101 |   197 |   408 |   137 ||   843
       Headbutt          |    14 |    29 |    80 |    25 ||   148
       Unarmed           |       |    26 |       |       ||    26
Invok: Lesser Servant of |       |       |     1 |       ||     1
Evoke: Wand              |       |       |    14 |     2 ||    16
  Use: Potion            |     2 |       |     1 |     1 ||     4
       Scroll            |       |       |     8 |     2 ||    10
  Eat: Chunk             |     2 |     9 |    16 |     3 ||    30
       Ration            |       |       |       |     1 ||     1
Armor: Scale mail        |    41 |    84 |    99 |    33 ||   257
Dodge: Dodged            |    38 |    60 |   127 |    46 ||   271
Block: Shield            |    52 |    89 |   196 |    74 ||   411
